 Dungeon Crawl Stone Soup version 0.21-a0-203-gb066a6e (webtiles) character file.

1319 namelastname112 the Firebug (level 8, -1/48 HPs)
             Began as a Kobold Fire Elementalist on Aug 19, 2017.
             Slain by a sky beast (5 damage)
             ... on level 7 of the Dungeon.
             The game lasted 00:10:01 (6590 turns).

namelastname112 the Firebug (KoFE)                  Turns: 6590, Time: 00:10:02

Health: -1/48      AC:  3    Str:  6    XL:     8   Next: 90%
Magic:  8/14       EV: 17    Int: 18    God:
Gold:   338        SH:  0    Dex: 15    Spells: 7/15 levels left

rFire    . . .     SeeInvis .   p - +2 dagger (venom)
rCold    . . .     Gourm    .   (shield restricted)
rNeg     + . .     Faith    .   a - +0 robe
rPois    .         Spirit   .   (no helmet)
rElec    .         Reflect  .   (no cloak)
rCorr    .         Harm     .   g - +0 pair of gloves
MR       .....                  (no boots)
Stlth    ++........             (no amulet)
HPRegen  0.16/turn              i - ring of flight
MPRegen  0.14/turn              r - ring of positive energy

@: very slightly contaminated
A: carnivore 3
a: Evoke Flight


You were on level 7 of the Dungeon.
You were very full.

You visited 1 branch of the dungeon, and saw 7 of its levels.

You collected 338 gold pieces.

Inventory:

Hand Weapons
 p - a +2 dagger of venom (weapon)
Armour
 a - a +0 robe (worn)
 g - a +0 pair of gloves (worn)
 m - a +0 buckler
Jewellery
 i - a ring of flight (left hand)
 r - a ring of positive energy (right hand)
Wands
 j - a wand of confusion (26/48)
Scrolls
 f - 4 scrolls of identify
 h - 2 scrolls of blinking
 k - 2 scrolls of recharging
 l - a scroll of magic mapping {unknown}
 o - a scroll of fog
Potions
 e - 2 potions of magic
 n - 3 potions of curing
Books
 b - a book of Flames

   Spells                             Type                      Level
   a - Flame Tongue                   Conjuration/Fire             1
   b - Throw Flame                    Conjuration/Fire             2
   c - Conjure Flame                  Conjuration/Fire             3
   d - Inner Flame                    Hexes/Fire                   3
   e - Sticky Flame                   Conjuration/Fire             4
   f - Fireball                       Conjuration/Fire             5
 q - a book of Cantrips

   Spells                             Type                      Level
   a - Confusing Touch                Hexes                        1
   b - Animate Skeleton               Necromancy                   1
   c - Summon Small Mammal            Summoning                    1
   d - Apportation                    Translocation                1
Comestibles
 c - 2 meat rations
 d - 3 royal jellies


   Skills:
 + Level 4.0 Fighting
 + Level 4.7 Dodging
 - Level 2.6 Stealth
 + Level 4.4 Spellcasting
 * Level 5.6 Conjurations
 * Level 6.1 Fire Magic


You had 7 spell levels left.
You knew the following spells:

 Your Spells              Type           Power        Failure   Level  Hunger
c - Sticky Flame          Conj/Fire      ####....     12%         4    ####...
x - Conjure Flame         Conj/Fire      ####....     3%          3    ###....
z - Flame Tongue          Conj/Fire      ####.        1%          1    None


Dungeon Overview and Level Annotations

Branches:
Dungeon (7/15)
 Temple: D:4-7

Altars:
Cheibriados
Dithmenos
Elyvilon
Makhleb
Trog
Wu Jian
Xom


Innate Abilities, Weirdness & Mutations

You are small and have problems with some larger weapons.
You are carnivorous and can eat meat at any time.


Message History

Here: a crimson imp The floor.
Unknown command.
Unknown command.
The crimson imp misses you.
The crimson imp blinks!
A sky beast appears from thin air!
Reactivating autopickup.
The crimson imp blinks!
Casting: Sticky Flame
Confirm with . or Enter, or press ? or * to list all spells.
Aiming: Sticky Flame
Press: ? - help, Shift-Dir - straight line, f - sky beast
Aim: a sky beast (almost dead)
You miscast Sticky Flame.
You are very lightly contaminated with residual magic.
Strange energies run through your body. The sky beast hits you.
* * * LOW HITPOINT WARNING * * *
The sky beast shocks you.
You die...

###..#............
#.................
#............... .#
#............... ..#
##..###.........
#..####.#..##≈.....##
#(.#........#.....###..
#..##.........Y.......
#....$........@.......
##......#.5####.......
#......#..# .......
##.....#..# .......
#.......... .......
#..>.#.###. .......
#.....#.. .# ......#
##........<. ......#
#...........


You could see a sky beast and a crimson imp.

Vanquished Creatures
  Duvessa (D:5)
  An ice beast (D:6)
  2 phantoms
  A centaur (D:6)
  A bullfrog (D:6)
  Dowan (D:5)
  3 scorpions
  A wight (D:5)
  2 crimson imps
  A centaur skeleton (D:5)
  3 iguanas
  Terence (D:3)
  3 orc wizards
  2 worker ants
  A worker ant zombie (D:5)
  11 adders
  A shadow imp (D:6)
  5 oozes
  3 adder zombies
  An adder skeleton (D:4)
  A worm (D:2)
  3 leopard geckos
  9 orcs
  6 bats
  3 giant cockroaches (D:1)
  7 goblins
  12 hobgoblins
  3 quokkas
  11 ball pythons
  6 frilled lizards
  3 kobolds
  7 rats
  A fungus (D:5)
117 creatures vanquished.

Notes
Turn   | Place    | Note
-------+----------+-------------------------------------------
     0 | D:1      | namelastname112 the Kobold Fire Elementalist began the quest for the Orb.
     0 | D:1      | Reached XP level 1. HP: 10/10 MP: 3/3
   103 | D:1      | epen: деад мэн нэймластнэйм
   145 | D:1      | Reached XP level 2. HP: 10/15 MP: 0/5
   419 | D:1      | Reached XP level 3. HP: 19/19 MP: 2/6
   593 | D:1      | Learned a level 3 spell: Conjure Flame
   815 | D:2      | Found a burning altar of Makhleb.
   829 | D:2      | Reached skill level 1 in Fighting
   976 | D:2      | Reached XP level 4. HP: 25/25 MP: 0/8
  1867 | D:2      | Reached XP level 5. HP: 28/29 MP: 1/9
  2047 | D:3      | Found an ornate altar of the Wu Jian Council.
  2062 | D:3      | Noticed Terence
  2086 | D:3      | Killed Terence
  2222 | D:3      | Reached skill level 4 in Fire Magic
  2597 | D:4      | Reached XP level 6. HP: 33/35 MP: 6/10
  2992 | D:4      | Noticed a phantom
  3067 | D:4      | Killed a phantom
  3452 | D:4      | Reached XP level 7. HP: 36/40 MP: 6/12
  3509 | D:4      | Found a bloodstained altar of Trog.
  3779 | D:5      | Entered Level 5 of the Dungeon
  3788 | D:5      | Found a shadowy altar of Dithmenos.
  4102 | D:6      | HP: 2/40 [poisoned by a scorpion]
  4396 | D:6      | Learned a level 4 spell: Sticky Flame
  4474 | D:5      | Noticed Duvessa
  4475 | D:5      | Noticed Dowan
  4532 | D:5      | Killed Duvessa
  4532 | D:5      | Reached skill level 5 in Fire Magic
  4552 | D:5      | Killed Dowan
  4874 | D:5      | Reached XP level 8. HP: 46/46 MP: 10/13
  5068 | D:5      | Found a shimmering altar of Xom.
  5578 | D:6      | Found a snail-covered altar of Cheibriados.
  5789 | D:6      | Reached skill level 5 in Conjurations
  6087 | D:6      | Found a white marble altar of Elyvilon.
  6165 | D:6      | Reached skill level 6 in Fire Magic
  6219 | D:6      | epen: Имя
  6399 | D:6      | namelastname112: че
  6399 | D:6      | epen: Прикинь
  6538 | D:7      | epen: Прикинь
  6565 | D:7      | epen: мы разучились визжать
  6590 | D:7      | Slain by a sky beast

Vault maps used:
D:1:      elethiomel_arrival_quiet, minmay_misc_feat_plants
D:2:      bloody_makhleb, minmay_shallow_snake_nest
D:3:      overflow_temple_1_default, uniq_terence
D:4:      overflow_temple_1_default, first_bread
D:5:      nicolae_overflow_crystal_walls, old_standard_altar,
          minmay_gold_behind_fungi, uniq_duvessa
D:6:      elyvilon_altar_5, marbit_many_paths
D:7:      temple_fountains

Skill      XL: |  1  2  3  4  5  6  7  8 |
---------------+-------------------------+-----
Fighting       | 1 2 3 4 |  4.0
Conjurations   | 2 3 4 5 |  5.6
Dodging        | 3 4 |  4.7
Fire Magic     | 4 5 6 |  6.1
Spellcasting   | 3 4 |  4.4
Stealth        | |  2.6

Action                   |  1- 3 |  4- 6 |  7- 9 || total
-------------------------+-------+-------+-------++-------
Melee: Short sword       |    26 |    13 |       ||    39
       Dagger            |       |     5 |    89 ||    94
 Cast: Flame Tongue      |    50 |   103 |   115 ||   268
       Conjure Flame     |       |     5 |     1 ||     6
       Sticky Flame      |       |       |     5 ||     5
  Use: Potion            |       |     3 |     1 ||     4
       Scroll            |       |     7 |     2 ||     9
  Eat: Chunk             |     9 |     4 |    14 ||    27
Armor: Robe              |     4 |     7 |    12 ||    23
Dodge: Dodged            |    24 |    48 |    92 ||   164
